 Dungeon Crawl Stone Soup version 0.16.1-18-g436b03c (webtiles) character file.

39 Golfball the Grave Robber (level 3, 0/26 HPs)
             Began as a Demonspawn Necromancer on May 5, 2015.
             Slain by a worm (3 damage)
             ... on level 1 of the Dungeon.
             The game lasted 00:09:49 (1811 turns).

Golfball the Grave Robber (Demonspawn Necromancer)  Turns: 1811, Time: 00:09:49

Health: 0/26       AC:  2    Str:  8    XL:     3   Next: 26%
Magic:  1/6        EV: 12    Int: 17    God:
Gold:   33         SH:  0    Dex: 13    Spells: 2 memorised, 4 levels left

rFire  . . .     SeeInvis .     f - +0 short sword
rCold  . . .     Clarity  .     a - +0 robe
rNeg   . . .     SustAb   .     (no shield)
rPois  .         Gourm    .     (no helmet)
rElec  .         Spirit   .     (no cloak)
rCorr  .         Warding  .     (no gloves)
rMut   .         Stasis   .     (no boots)
MR     .....                    (no amulet)
Stlth  ++........               (no ring)
                                (no ring)

@: not resistant to hostile enchantments, unstealthy
A: hooves 1
a: no special abilities


You were on level 1 of the Dungeon.
You were not hungry.

You visited 1 branch of the dungeon, and saw 2 of its levels.

You collected 33 gold pieces.

Inventory:

Hand weapons
 f - a +0 short sword (weapon)
 g - a +0 dagger
Missiles
 e - 22 stones (quivered)
Armour
 a - a +0 robe (worn)
Scrolls
 d - a scroll of remove curse {unknown}
 i - a scroll of magic mapping {unknown}
 k - a scroll of enchant armour {unknown}
 m - a scroll of amnesia {unknown}
Potions
 j - a potion of cancellation {unknown}
 l - 2 potions of agility {unknown}
Books
 b - a book of Necromancy

   Spells                             Type                      Level
   a - Pain                           Necromancy                   1
   b - Animate Skeleton               Necromancy                   1
   c - Vampiric Draining              Necromancy                   3
   d - Regeneration                   Charms/Necromancy            3
   e - Animate Dead                   Necromancy                   4
   f - Control Undead                 Necromancy                   4
Comestibles
 c - 2 bread rations
 h - a chunk of flesh


   Skills:
 * Level 1.0 Fighting
 * Level 0.3 Short Blades
 + Level 1.9 Dodging
 * Level 1.9 Stealth
 * Level 0.3 Unarmed Combat
 + Level 2.2 Spellcasting
 + Level 4.9 Necromancy


You had 4 spell levels left.
You knew the following spells:

 Your Spells              Type           Power        Failure   Level  Hunger
a - Pain                  Necr           ###.         2%          1    #......
b - Animate Skeleton      Necr           N/A          2%          1    #......


Dungeon Overview and Level Annotations

Branches:
Dungeon (2/15)

Altars:


Innate Abilities, Weirdness & Mutations

You have large cloven feet.


Message History

Confirm with . or Enter, or press ? or * to list all spells.
Aiming: Pain
Press: ? - help, Shift-Dir - straight line, f - goblin
Aim: a goblin (chance 89%)
The goblin convulses in agony!
Your rat skeleton closely misses the worm.
The worm bites you!
* * * LOW HITPOINT WARNING * * *
Your kobold skeleton hits the worm with a whip.
Your giant gecko skeleton barely misses the worm.
You hit the goblin.
You kill the goblin!
Your hobgoblin skeleton hits the worm but does no damage.
Your rat skeleton bites the worm.
Your giant gecko skeleton bites the worm.
You hit the worm.
The worm is heavily wounded.
Your kobold skeleton hits the worm with a whip.
The worm bites you.
You die...

#.........# #.........#
#.........# #.........#
#.........# #..Z......#
#.#########
############....#######
#....)@ZZ..........Z.Z.
#.####ZwZZ.....#######.
#Z# #....Z.Z........'Z
#Z# ##....ZZ..#.#####.
#.##########.....#####.
#ZZ....#####.#...##.##.
#............#.........
#............#..###.###
#............#..###.###


You could see a worm, a friendly giant gecko skeleton, 3 friendly rat skeletons,
a friendly goblin skeleton, a friendly hobgoblin skeleton and 3 friendly kobold
skeletons.

Vanquished Creatures
  A giant gecko (D:1)
  A ball python (D:1)
  6 goblins (D:1)
  4 hobgoblins
  3 jackals (D:1)
  An ooze (D:1)
  3 bats (D:1)
  6 kobolds
  4 rats (D:1)
29 creatures vanquished.

Vanquished Creatures (collateral kills)
  A giant cockroach (D:1)
  A goblin (D:1)
  2 hobgoblins (D:1)
  A giant newt (D:1)
  2 rats (D:1)
7 creatures vanquished.

Vanquished Creatures (others)
  A goblin skeleton (D:1)
  A kobold skeleton (D:2)
2 creatures vanquished.

Grand Total: 38 creatures vanquished

Notes
Turn   | Place    | Note
--------------------------------------------------------------
     0 | D:1      | Golfball, the Demonspawn Necromancer, began the quest for the Orb.
     0 | D:1      | Reached XP level 1. HP: 13/13 MP: 3/3
     0 | D:1      | Noticed an orb of fire
     1 | D:1      | Noticed an orb of fire
     3 | D:1      | Noticed an ice dragon
     5 | D:1      | Noticed a large abomination
     6 | D:1      | Noticed an ice dragon
     7 | D:1      | Noticed an orb of fire
    10 | D:1      | Noticed an orb of fire
    10 | D:1      | Noticed an ice dragon
    12 | D:1      | Noticed an iron dragon
    12 | D:1      | Noticed an ice dragon
    13 | D:1      | Noticed a yellow draconian
    14 | D:1      | Noticed a green draconian
    16 | D:1      | Noticed a tentacled monstrosity
    16 | D:1      | Noticed a tentacled monstrosity
    19 | D:1      | Noticed an iron dragon
    55 | D:1      | Learned a level 1 spell: Animate Skeleton
   571 | D:1      | Gained mutation: You have large cloven feet. [demonic ancestry]
   571 | D:1      | Reached XP level 2. HP: 19/19 MP: 2/4
  1450 | D:1      | Reached XP level 3. HP: 15/25 MP: 6/6
  1580 | D:1      | Reached skill level 1 in Fighting
  1811 | D:1      | Slain by a worm

Action                   || total
-------------------------++-------
Melee: Unarmed           ||     7
       Short sword       ||    40
       Spear             ||     1
Throw: Stone             ||     2
 Cast: Pain              ||    32
       Animate Skeleton  ||    15
 Stab: Sleeping          ||     2
  Eat: Chunk             ||     3
